 Dungeon Crawl Stone Soup version 0.32-a0-42-ga30500b4d3 (webtiles) character file.

Game seed: 16945583806261125246

308631 Newt the Slayer (level 22, -3/109 HPs)
             Began as a Kobold Hunter on Feb 1, 2024.
             Was the Champion of Hepliaklqana.
             Slain by a rockslime (29 damage)
             ... created by the Royal Jelly
             ... on level 5 of the Pits of Slime.
             The game lasted 01:13:14 (43305 turns).

Newt the Slayer (Kobold Hunter)                    Turns: 43305, Time: 01:13:15

Health: -3/109     AC: 14    Str: 18      XL:     22   Next: 14%
Magic:  26/27      EV: 32    Int: 11 (13) God:    Hepliaklqana [******]
Gold:   1862       SH:  5    Dex: 21 (22) Spells: 16/38 levels left

rFire   . . .        N - +8 hand cannon of the Bashing Gods {flame, Fly rElec Will+ Int-2}
rCold   + . .        W - orb of the Swamp {light, rPois Int+3 Dex-2}
rNeg    + . .        a - quicksilver dragon scales "Ifipt" {^Contam +Blink rPois Will+ Int+2}
rPois   +            R - +1 hat {Stlth+}
rElec   +            H - scarf {repulsion}
rCorr   .            n - +0 pair of gloves
SInv    .            c - +2 pair of boots {Stlth+}
Will    ++++.        i - amulet "Ronuott" {Reflect rC+ Will+ SH+5}
Stlth   +++          u - ring "Ifevien" {rC+ rN+ EV+5 Str+4 Dex-2}
HPRegen 0.38/turn    L - ring of protection from fire
MPRegen 0.20/turn

%: repel missiles, reflection
@: flying, glowing
A: reduced essence, small, no large weapons, nightstalker 3, deterioration 1,
frail 2, low MP 2, screaming 1, strong 1, cold vulnerability 1, heat
vulnerability 1, subdued magic 2, noise suppression
}: 2/15 runes: serpentine, barnacled
a: Renounce Religion, Evoke Blink, Recall Ancestor, Ancestor Identity,
Transference, Idealise


You were on level 5 of the Pits of Slime.
You worshipped Hepliaklqana.
Hepliaklqana was exalted by your worship.
You visited 8 branches of the dungeon, and saw 39 of its levels.

You collected 5120 gold pieces.
You spent 3258 gold pieces at shops.

Inventory:

Hand Weapons
 N - the +8 hand cannon of the Bashing Gods (weapon) {flame, Fly rElec Will+ Int-2}
   (You found it on level 4 of the Shoals)

   Int-2:     It affects your intelligence (-2).
   rElec:     It insulates you from electricity.
   Will+:     It increases your willpower.
   Fly:       It grants you flight.
Missiles
 K - 4 throwing nets
Armour
 a - the quicksilver dragon scales "Ifipt" (worn) {^Contam +Blink rPois Will+ Int+2}
   (You found it on level 3 of the Elven Halls)

   Int+2:     It affects your intelligence (+2).
   rPois:     It protects you from poison Will+: It increases your willpower.
   +Blink:    It lets you blink.
   ^Contam:   It causes magical contamination when unequipped.
 c - a +2 pair of boots of stealth (worn)
 n - a +0 pair of gloves (worn)
 A - the +1 leather armour of the Fiend {Fly rF+ Int-4 Dex+5}
   (You found it on level 6 of the Dungeon)

   Int-4:     It affects your intelligence (-4).
   Dex+5:     It affects your dexterity (+5).
   rF+:       It protects you from fire.
   Fly:       It grants you flight.
 H - a scarf of repulsion (worn)
 O - the +2 ring mail "Astryxile" {Will+ Slay+3}
   (You found it on level 14 of the Dungeon)

   Slay+3:    It affects your accuracy & damage with ranged weapons and melee
   (+3).
   Will+:     It increases your willpower.
 R - a +1 hat of stealth (worn)
 W - the orb of the Swamp (worn) {light, rPois Int+3 Dex-2}
   (You bought it in a shop on level 7 of the Dungeon)

   Int+3:     It affects your intelligence (+3).
   Dex-2:     It affects your dexterity (-2).
   rPois:     It protects you from poison
Jewellery
 e - a +6 ring of dexterity
 i - the amulet "Ronuott" (around neck) {Reflect rC+ Will+ SH+5}
   (You took it off a deep elf blademaster on level 3 of the Elven Halls)

   [amulet of reflection]

   Reflect:   It reflects blocked missile attacks.
   rC+:       It protects you from cold.
   Will+:     It increases your willpower.
   SH+5:      It affects your SH (+5).
 m - a ring of protection from cold
 u - the ring "Ifevien" (left hand) {rC+ rN+ EV+5 Str+4 Dex-2}
   (You found it on level 11 of the Dungeon)

   [ring of evasion]

   EV+5:      It affects your evasion (+5).
   Str+4:     It affects your strength (+4).
   Dex-2:     It affects your dexterity (-2).
   rC+:       It protects you from cold.
   rN+:       It protects you from negative energy.
 B - the ring of Itasoq {rC- AC+4 Int+8}
   (You found it on level 4 of the Shoals)

   [ring of protection]

   AC+4:      It affects your AC (+4).
   Int+8:     It affects your intelligence (+8).
   rC-:       It makes you vulnerable to cold.
 C - a ring of flight
 L - a ring of protection from fire (right hand)
 P - a ring of see invisible
 S - a +5 ring of evasion
 X - the ring "Fiti" {EV+5 Dex+6}
   (You took it off a deep elf master archer on level 3 of the Elven Halls)

   [ring of evasion]

   EV+5:      It affects your evasion (+5).
   Dex+6:     It affects your dexterity (+6).
Wands
 o - a wand of digging (13)
 s - a wand of roots (21)
 w - a wand of flame (71)
 z - a wand of mindburst (14)
 M - a wand of charming (15)
 T - a wand of polymorph (5)
 Z - a wand of acid (19)
Scrolls
 b - 4 scrolls of butterflies
 g - 5 scrolls of teleportation
 j - 4 scrolls of enchant weapon
 k - 6 scrolls of revelation
 q - 4 scrolls of enchant armour
 r - 5 scrolls of vulnerability
 t - a scroll of amnesia
 v - 3 scrolls of fear
 x - 2 scrolls of immolation
 y - 5 scrolls of fog
 D - 6 scrolls of poison
 Q - a scroll of blinking
 U - a scroll of brand weapon
 Y - 16 scrolls of identify
Potions
 d - 3 potions of heal wounds
 f - 10 potions of curing
 h - 3 potions of enlightenment
 l - 2 potions of mutation
 p - a potion of magic
 E - 4 potions of haste
 F - 3 potions of brilliance
 G - 4 potions of resistance
 I - 2 potions of invisibility
 J - a potion of cancellation
 V - a potion of ambrosia


   Skills:
 + Level 22.2 Fighting
 - Level 20.0 Ranged Weapons
 - Level 18.2 Dodging
 - Level 8.0 Stealth
 + Level 8.6 Spellcasting
 - Level 9.0 Conjurations
 * Level 11.5 Hexes
 - Level 6.0 Air Magic
 * Level 5.9 Alchemy
 - Level 8.0 Invocations
 - Level 14.5 Evocations


You had 16 spell levels left.
You knew the following spells:

 Your Spells              Type           Power      Damage    Failure   Level
a - Jinxbite              Hex            36%        N/A       1%          2
b - Slow                  Hex            72%        N/A       1%          1
c - Sigil of Binding      Hex            18%        N/A       1%          3
d - Dazzling Flash        Conj/Hex       34%        N/A       1%          3
e - Tukima's Dance        Hex            18%        N/A       1%          3
f - Yara's Violent Unrav  Hex/Alch       7%         3d5       14%         5
g - Silence               Hex/Air        7%         N/A       14%         5

Your spell library contained the following spells:

 Spells                   Type           Power      Damage    Failure   Level
 Sting                    Conj/Alch      52%        1d6       1%          1
 Mercury Vapours          Alch/Air       22%        N/A       1%          2
 Confusing Touch          Hex            18%        N/A       1%          3
 Foxfire                  Conj/Fire      36%        2x1d5     2%          1
 Kiss of Death            Conj/Necr      36%        2d8       2%          1
 Mephitic Cloud           Conj/Alch/Air  12%        N/A       2%          3
 Momentum Strike          Conj/Tloc      18%        3d8       3%          2
 Inner Flame              Hex/Fire       10%        N/A       4%          3
 Swiftness                Air            11%        N/A       4%          3
 Fulminant Prism          Conj/Alch      6%         3d6       8%          4
 Iskenderun's Battlesphe  Conj           15%        2d7       13%         5
 Airstrike                Air            5%         2d(1-17)  16%         4
 Olgreb's Toxic Radiance  Alch           11%        N/A       16%         4
 Dimensional Bullseye     Hex/Tloc       5%         N/A       17%         4
 Apportation              Tloc           4%         N/A       19%         1
 Necrotise                Necr           8%         1d4       19%         1
 Summon Small Mammal      Summ           8%         N/A       19%         1
 Blink                    Tloc           4%         N/A       30%         2
 Lesser Beckoning         Tloc           4%         N/A       30%         2
 Sublimation of Blood     Necr           2%         N/A       30%         2
 Brom's Barrelling Bould  Conj/Erth      9%         2d3       30%         4
 Flame Wave               Conj/Fire      9%         2d6       30%         4
 Iskenderun's Mystic Bla  Conj/Tloc      9%         2d4       30%         4
 Alistair's Intoxication  Alch           7%         N/A       45%         5
 Metabolic Englaciation   Hex/Ice        5%         N/A       47%         5
 Summon Mana Viper        Hex/Summ       10%        N/A       47%         5
 Leda's Liquefaction      Alch/Erth      3%         N/A       52%         4
 Petrify                  Alch/Erth      7%         N/A       52%         4
 Sticky Flame             Fire/Alch      7%         2d4       52%         4
 Call Canine Familiar     Summ           2%         N/A       54%         3
 Frozen Ramparts          Ice            4%         1d1       54%         3
 Gell's Gravitas          Tloc           2%         N/A       54%         3
 Summon Ice Beast         Ice/Summ       2%         N/A       54%         3
 Teleport Other           Tloc           2%         N/A       54%         3
 Vampiric Draining        Necr           2%         2d6       54%         3
 Freezing Cloud           Conj/Ice/Air   4%         6-21      58%         5
 Fireball                 Conj/Fire      4%         3d4       67%         5
 Conjure Ball Lightning   Conj/Air       6%         3x3d6     83%         6
 Enfeeble                 Hex            9%         N/A       85%         7
 Animate Dead             Necr           2%         N/A       92%         4
 Dispel Undead            Necr           2%         3d7       92%         4
 Martyr's Knell           Necr/Summ      2%         N/A       92%         4
 Passage of Golubria      Tloc           2%         N/A       92%         4
 Summon Blazeheart Golem  Fire/Summ      2%         N/A       92%         4
 Eringya's Noxious Bog    Alch           5%         4d6       96%         6
 Bombard                  Conj/Erth      4%         9d2       99%         6
 Starburst                Conj/Fire      4%         6d4       99%         6
 Orb of Destruction       Conj           7%         9d6       99%         7
 Borgnjor's Vile Clutch   Necr/Erth      1%         N/A       100%        5
 Curse of Agony           Necr           2%         N/A       100%        5
 Lee's Rapid Deconstruct  Erth           1%         3d4*      100%        5
 Death Channel            Necr           1%         N/A       100%        6
 Dispersal                Tloc           1%         N/A       100%        6
 Haunt                    Necr/Summ      1%         N/A       100%        7
 Monstrous Menagerie      Summ           1%         N/A       100%        7
 Spellforged Servitor     Conj/Summ      4%         N/A       100%        7
 Infestation              Necr           1%         N/A       100%        8


Dungeon Overview and Level Annotations

Branches:
Dungeon (15/15)            Temple (1/1) D:6            Lair (5/5) D:9
 Shoals (4/4) Lair:2        Snake (4/4) Lair:3        Slime (5/5) Lair:5
    Orc (2/2) D:10            Elf (3/3) Orc:2        Vaults (0/5) D:14
 Depths (0/4) D:15

Altars:
Ashenzari
Cheibriados
Elyvilon
Fedhas
Gozag
Hepliaklqana
Kikubaaqudgha
Makhleb
Nemelex Xobeh
Okawaru
Qazlal
Ru
Trog
Uskayaw
Vehumet
Xom
Yredelemnul
Zin
The Shining One
Jiyva

Shops:
D:2 :([   D:7 (*[[!   Orc:1 :(*=   Orc:2 ![?[!   Elf:1 (   Elf:2 =(=(
Shoals:4 [   Snake:2 ==   Snake:3 :[

Portals:
Trove: D:15 (give 12 potions of heal wounds)

Annotations:
Slime:5 Royal Jelly


Innate Abilities, Weirdness & Mutations

Your life essence is reduced to manifest your ancestor. (-10% HP)
You are small and have problems with some larger weapons.
You are completely attuned to the shadows.
Your body sometimes deteriorates upon taking damage.
You are very frail. (-20% HP)
Your magical capacity is very low. (-20% MP)
You occasionally shout uncontrollably at your foes.
Your muscles are strong. (Str +4, Int/Dex -1)
You are vulnerable to cold. (rC-)
You are vulnerable to heat. (rF-)
Your spells are easier to cast, but less powerful.
You passively dampen the noise of your surroundings.


Message History

Select a target.
Press: ? - help, Dir - move target, f/p - rockslime
Aim: a rockslime (lightly wounded, ally target, haloed)
The floor, spattered with blood.
The rockslime swaps with Edwyna!
The rockslime is drained by nostalgia.
Edwyna hits the rockslime with a +0 broad axe of flaming.
The rockslime barely misses Edwyna.
Unknown command.
Edwyna hits the rockslime with a +0 broad axe of flaming!
The rockslime barely misses Edwyna.
Unknown command.
You are too injured to fight recklessly!
Fire: N) +8 hand cannon of the Bashing Gods {flame, Fly rElec Will+ Int-2}
Press: ? - help, Shift-Dir - straight line, f/p - rockslime
Aim: a rockslime (moderately wounded, lightly drained, ally target, haloed, 97% to hit)
You shoot a bolt. The bolt hits the rockslime!
The rockslime is heavily wounded.
Edwyna completely misses the rockslime.
The rockslime hits Edwyna!!
Edwyna is shoved backwards!
Edwyna hits the rockslime with a +0 broad axe of flaming.
Edwyna hits the rockslime with a +0 broad axe of flaming.
You feel much better. The rockslime hits you!!
* * * LOW HITPOINT WARNING * * *
You are shoved backwards!
Unknown command.
You feel much better.
The rockslime seems less drained.
Edwyna hits the rockslime but does no damage.
The rockslime hits Edwyna but does no damage.
You shoot a bolt.
The bolt hits the rockslime but does no damage.
The rockslime is heavily wounded.
Edwyna hits the rockslime but does no damage.
Edwyna blocks the rockslime's attack.
Unknown command.
You shoot a bolt.
The bolt hits the rockslime but does no damage.
The rockslime is heavily wounded.
Edwyna hits the rockslime but does no damage.
The rockslime hits you!!
You die...

....JJ.....#...................#
.#.#.#.###.#.................###
.#######.#.#..................#
.............................##
............................##
.............................#
.............................#
...........................###
...........§..RJ@..........#
................○.........##
.............^...........##
...####.#...............##
....#.###..............##
........###............#
.........##...........##
.........###........###
..^.......##.....#.##


You could see the friendly Edwyna the knight (fast, reflecting) and a rockslime
(ally target).

Vanquished Creatures
  Mara (Shoals:4)
  Jorgrun (Shoals:1)
  Asterion (Snake:2)
  A deep elf master archer (Elf:3)
  2 deep elf blademasters (Elf:3)
  7 acid blobs
  An eldritch tentacle (Elf:1)
  Gastronok (D:12)
  A fenstrider witch (Shoals:1)
  12 nagarajas
  Aizul (Snake:4)
  5 rockslimes
  4 deep elf sorcerers
  2 azure jellies (Slime:5)
  An orc warlord (Orc:1)
  3 formless jellyfish (Slime:5)
  7 deep elf elementalists
  7 quicksilver oozes (Slime:5)
  2 deep elf death magi
  Nessos (D:12)
  6 deep elf annihilators
  A merfolk javelineer (Shoals:4)
  3 merfolk impalers
  A fire dragon (D:13)
  3 deep elf high priests (Elf:3)
  4 hydras
  3 great orbs of eyes (Slime:5)
  2 salamander tyrants (Snake:4)
  A spriggan skeleton (Elf:1)
  8 two-headed ogres
  2 centaur warriors
  2 radroaches (Elf:1)
  2 alligator snapping turtles
  2 merfolk avatars (Shoals:4)
  A satyr (Shoals:3)
  3 ghost crabs (Elf:1)
  3 merfolk aquamancers
  2 death knights
  4 boulder beetles
  3 anacondas
  A tengu warrior (D:14)
  An occultist (D:15)
  Urug (D:11)
  23 dancing weapons
  7 naga warriors
  6 naga sharpshooters
  4 shock serpents
  11 deep elf knights
  An orc high priest (Elf:1)
  Sonja (Lair:5)
  A storm dragon zombie (D:15)
  Amaemon (D:11)
  A fire crab (Elf:1)
  3 skysharks
  3 skeletal warriors
  9 sea snakes
  A salamander mystic (Snake:2)
  6 mana vipers
  A flayed ghost (D:15)
  A spark wasp zombie (D:15)
  A death drake (Elf:1)
  An arcanist (D:14)
  A sun moth (Elf:1)
  An orb spider (shapeshifter) (Elf:1)
  27 deep elf pyromancers
  3 naga ritualists
  2 orc knights
  14 deep elf zephyrmancers
  3 necromancers
  19 deep elf archers
  18 harpies
  6 shining eyes (Slime:5)
  A golden dragon skeleton (Elf:1)
  3 phantasmal warriors
  An ugly thing (D:14)
  3 cyclopes
  10 salamanders
  7 manticores
  3 orc sorcerers
  2 water nymphs
  4 merfolk sirens
  A molten gargoyle (Elf:1)
  5 fauns (Shoals:1)
  3 kobold blastminers (Orc:2)
  8 naga magi
  2 torpor snails (Lair:5)
  2 gargoyles
  20 black mambas
  A titan simulacrum (Elf:1)
  3 guardian serpents
  3 eyes of devastation
  2 black mambas (shapeshifter)
  An orange demon (D:11)
  A cane toad (shapeshifter) (D:15)
  5 large abominations (Elf:1)
  4 cane toads
  A yaktaur (D:15)
  A rime drake (shapeshifter) (D:11)
  3 freezing wraiths
  Psyche (D:10)
  2 rime drakes (Lair:2)
  A komodo dragon (shapeshifter) (D:11)
  2 efreet
  3 komodo dragons
  6 trolls
  A tengu conjurer (D:15)
  4 hornets
  2 tyrant leeches (Lair:5)
  A shadow dragon simulacrum (Elf:1)
  17 merfolk
  A wind drake (Shoals:4)
  2 tarantellas (Elf:1)
  A spriggan zombie (D:15)
  2 glass eyes (Slime:5)
  20 blink frogs
  6 dream sheep
  5 snapping turtles
  A jumping spider (Elf:1)
  41 slime creatures
  A shadow (D:9)
  15 water elementals
  2 air elementals (Elf:1)
  A vampire (D:12)
  A yak (shapeshifter) (D:11)
  4 wyverns
  20 yaks
  2 wraiths
  5 basilisks
  4 fire elementals
  2 golden eyes (Slime:4)
  6 fire bats (D:11)
  4 vampire mosquitoes (D:12)
  2 spatial vortices (Elf:1)
  2 acid dragons
  28 nagas
  11 water moccasins
  34 orc warriors
  3 ice beasts (D:11)
  2 laughing skulls (D:14)
  5 black bears
  3 sky beasts
  6 wolves
  11 centaurs
  7 ogres
  2 phantoms
  A kobold brigand (D:7)
  2 elf zombies (Elf:1)
  6 bullfrogs
  4 earth elementals
  5 wights (D:5)
  3 scorpions
  10 killer bees (D:10)
  4 electric eels
  2 lava snakes (Elf:1)
  8 orc priests
  Crazy Yiuf (D:6)
  3 bombardier beetles
  4 hounds
  4 jellies
  A gnoll bouda (Lair:1)
  3 iguanas
  2 hell rats (Lair:5)
  2 sleepcaps (D:5)
  18 orc wizards
  5 adders
  5 gnolls (D:6)
  2 ufetubi (D:6)
  A dart slug (D:3)
  71 orcs
  5 bats
  8 endoplasms
  7 giant cockroaches
  18 goblins
  12 hobgoblins
  5 jackals
  16 kobolds
  5 quokkas
  7 ball pythons
  A frilled lizard (D:2)
  4 rats
953 creatures vanquished.

Vanquished Creatures (collateral kills)
  A bone dragon (Elf:1)
  3 acid blobs (Slime:5)
  A deep elf blademaster (Elf:3)
  Donald (Snake:3)
  4 nagarajas (Snake:4)
  3 azure jellies (Slime:5)
  4 rockslimes (Slime:5)
  A deep elf elementalist (Elf:3)
  A deep elf sorcerer (Elf:3)
  A formless jellyfish (Slime:5)
  2 quicksilver oozes (Slime:5)
  2 deep elf death magi (Elf:3)
  4 deep elf annihilators
  3 merfolk javelineers
  A merfolk impaler (Shoals:1)
  A deep elf high priest (Elf:1)
  2 great orbs of eyes (Slime:5)
  A salamander tyrant (Snake:4)
  2 hydras (Lair:3)
  An anaconda (Snake:1)
  A radroach (Elf:1)
  2 merfolk aquamancers
  7 dancing weapons
  2 centaur warriors (D:14)
  A tengu warrior (D:14)
  A naga warrior (Snake:4)
  A naga sharpshooter (Snake:4)
  A shock serpent (Snake:3)
  6 deep elf knights
  2 skysharks (Shoals:1)
  2 salamander mystics (Snake:4)
  A skeletal warrior (D:15)
  A fire crab (Elf:1)
  2 naga ritualists
  A death drake (Elf:1)
  A lindwurm (Lair:5)
  A mana viper (Snake:2)
  4 deep elf archers
  5 harpies
  A large abomination (Elf:1)
  A phantasmal warrior (D:15)
  2 orc knights
  3 deep elf zephyrmancers
  A will-o-the-wisp (Elf:1)
  6 deep elf pyromancers
  2 manticores
  3 fauns (Shoals:1)
  3 ugly things (D:14)
  2 cyclopes (D:14)
  2 orc sorcerers
  2 kobold blastminers (Orc:2)
  A salamander (Snake:4)
  An iron dragon skeleton (Elf:1)
  2 merfolk sirens
  6 black mambas
  19 slime creatures
  4 naga magi
  A water nymph (Shoals:4)
  5 cane toads
  A molten gargoyle (Elf:1)
  3 torpor snails (Lair:5)
  Maggie (D:9)
  3 yaktaurs (D:15)
  2 komodo dragons
  2 guardian mummies (D:15)
  6 merfolk
  6 hornets (Lair:5)
  A troll (D:12)
  A polar bear (Lair:3)
  2 tyrant leeches (Lair:5)
  4 blink frogs
  3 snapping turtles
  3 dream sheep
  An iron dragon simulacrum (Elf:1)
  A vampire (D:12)
  An air elemental (Elf:1)
  7 yaks
  3 water elementals
  A basilisk (D:15)
  2 vampire mosquitoes (D:12)
  8 nagas
  4 water moccasins
  12 orc warriors
  A sky beast (D:11)
  An ogre (Orc:1)
  5 centaurs
  4 wolves (Lair:3)
  2 bullfrogs (Lair:2)
  A killer bee (D:10)
  An electric eel (D:11)
  2 orc priests
  5 orc wizards
  4 hell rats (Lair:5)
  An adder (D:15)
  21 orcs
274 creatures vanquished.

Vanquished Creatures (others)
  A deep elf master archer (Elf:3)
  A nagaraja (Snake:4)
  A naga warrior (Snake:3)
  A naga sharpshooter (Snake:4)
  A sea snake (Snake:4)
  A deep elf archer (Elf:3)
  A deep elf pyromancer (Elf:2)
  An orc warrior (Orc:2)
  24 knights
  3 ancestors
35 creatures vanquished.

Grand Total: 1262 creatures vanquished

Notes
Turn   | Place    | Note
-------+----------+-------------------------------------------
     0 | D:1      | Newt the Kobold Hunter began the quest for the Orb.
     0 | D:1      | Reached XP level 1. HP: 12/12 MP: 1/1
   153 | D:1      | Reached XP level 2. HP: 18/18 MP: 2/2
   446 | D:1      | Reached XP level 3. HP: 22/22 MP: 3/3
   747 | D:2      | Found Nys Baesh's Antique Armour Emporium.
   748 | D:2      | Found Ruylet's Antique Weapon Shop.
   848 | D:2      | Found a shimmering altar of Xom.
   959 | D:2      | Found a faded altar of an unknown god.
  1090 | D:2      | Found Ralotz's Book Boutique.
  1109 | D:2      | Reached skill level 3 in Fighting
  1347 | D:2      | Reached XP level 4. HP: 15/28 MP: 4/4
  1912 | D:3      | Reached XP level 5. HP: 32/32 MP: 5/5
  2385 | D:4      | Reached skill level 4 in Fighting
  2439 | D:4      | Reached XP level 6. HP: 38/38 MP: 6/6
  2482 | D:4      | Noticed a black bear
  2487 | D:4      | Killed a black bear
  2637 | D:4      | Reached XP level 7. HP: 44/44 MP: 7/7
  3158 | D:5      | Entered Level 5 of the Dungeon
  3169 | D:5      | Reached skill level 5 in Fighting
  3267 | D:5      | Reached skill level 10 in Ranged Weapons
  3360 | D:5      | Reached XP level 8. HP: 43/51 MP: 8/8
  3561 | D:5      | Reached skill level 6 in Fighting
  4251 | D:6      | Identified the +1 leather armour of the Fiend {Fly rF+
                  | Int-4 Dex+5}
  4349 | D:6      | Reached XP level 9. HP: 56/56 MP: 9/9
  4373 | D:6      | Found a staircase to the Ecumenical Temple.
  4381 | D:6      | Reached skill level 7 in Fighting
  4387 | Temple   | Entered the Ecumenical Temple
  4414 | Temple   | Became a worshipper of Hepliaklqana the Forgotten
  4464 | D:6      | Identified the +0 scale mail of Plasticity {rN+ Stlth+}
  5042 | D:6      | Found a runed translucent door.
  5045 | D:6      | Noticed Crazy Yiuf
  5049 | D:6      | Killed Crazy Yiuf
  5150 | D:7      | Found Erch's Antique Armour Boutique.
  5175 | D:7      | Found Emueb's Armour Boutique.
  5366 | D:7      | Found Wetasau's CLEARANCE SALE!.
  5487 | D:7      | Found Loges's Antique Weapon Emporium.
  5747 | D:7      | Found Imigaucw's Distillery.
  5752 | D:7      | Bought a potion of haste for 110 gold pieces
  5752 | D:7      | Bought a potion of lignification for 33 gold pieces
  5752 | D:7      | Bought a potion of brilliance for 44 gold pieces
  5752 | D:7      | Bought a potion of resistance for 110 gold pieces
  6115 | D:8      | Identified the +0 leather armour "Coddarif" {Int+2 Slay+2}
  6187 | D:8      | Reached * piety under Hepliaklqana
  6270 | D:8      | Noticed a hornet
  6276 | D:8      | Killed a hornet
  6277 | D:8      | Reached skill level 8 in Fighting
  6284 | D:8      | Reached skill level 5 in Dodging
  6861 | D:9      | Noticed Maggie
  6868 | D:9      | Killed Maggie
  6869 | D:9      | Reached XP level 10. HP: 32/58 MP: 10/10
  7083 | D:9      | Reached skill level 9 in Fighting
  7119 | D:10     | Entered Level 10 of the Dungeon
  7331 | D:9      | Found a staircase to the Lair.
  7354 | D:9      | Noticed a two-headed ogre
  7360 | D:9      | Killed a two-headed ogre
  7515 | D:9      | Reached skill level 10 in Fighting
  7515 | D:9      | Reached skill level 10 in Dodging
  7527 | D:9      | Noticed a two-headed ogre
  7531 | D:9      | Killed a two-headed ogre
  7532 | D:9      | Reached skill level 1 in Spellcasting
  7532 | D:9      | Reached XP level 11. HP: 64/64 MP: 10/13
  7888 | D:10     | Reached ** piety under Hepliaklqana
  7889 | D:10     | Remembered your ancestor Edwyna as a knight
  7999 | D:10     | Learned a level 2 spell: Jinxbite
  8410 | D:10     | Noticed Psyche
  8417 | D:10     | Killed Psyche
  8834 | D:10     | Noticed a two-headed ogre
  8839 | D:10     | Killed a two-headed ogre
  8840 | D:10     | Reached skill level 5 in Hexes
  8911 | D:10     | Noticed a two-headed ogre
  8920 | D:10     | Killed a two-headed ogre
  9052 | D:10     | Reached skill level 11 in Fighting
  9053 | D:10     | Found a staircase to the Orcish Mines.
  9193 | D:10     | Noticed a boulder beetle
  9211 | D:10     | Killed a boulder beetle
  9221 | D:10     | Noticed a two-headed ogre
  9228 | D:10     | Killed a two-headed ogre
  9288 | D:11     | Identified a scroll of acquirement
  9289 | D:11     | Acquired 594 gold pieces
  9313 | D:11     | Noticed a cyclops
  9320 | D:11     | Killed a cyclops
  9350 | D:11     | Reached *** piety under Hepliaklqana
  9377 | D:11     | Reached XP level 12. HP: 72/72 MP: 16/19
  9420 | D:11     | Reached skill level 5 in Spellcasting
  9502 | D:11     | Noticed a boulder beetle
  9513 | D:11     | Killed a boulder beetle
  9737 | D:11     | Learned a level 1 spell: Slow
  9741 | D:11     | Learned a level 3 spell: Sigil of Binding
  9754 | D:11     | Noticed Urug
  9923 | D:11     | Killed Urug
 10115 | D:11     | Noticed Amaemon
 10128 | D:11     | Killed Amaemon
 10139 | D:11     | Reached skill level 12 in Fighting
 10430 | D:11     | Reached skill level 5 in Stealth
 10613 | D:11     | Reached skill level 15 in Ranged Weapons
 10764 | D:11     | Identified the ring "Ifevien" {rC+ rN+ EV+5 Str+4 Dex-2}
 11043 | D:11     | Identified the +1 leather armour of the Thirsty Tables
                  | {rN++}
 11093 | D:11     | Reached XP level 13. HP: 64/78 MP: 20/20
 12039 | D:12     | Noticed Nessos
 12049 | D:12     | Killed Nessos
 12358 | D:12     | Reached skill level 1 in Evocations
 12469 | D:12     | Reached skill level 13 in Fighting
 12469 | D:12     | Reached XP level 14. HP: 54/85 MP: 21/21
 12837 | D:12     | Noticed Gastronok
 12851 | D:12     | Killed Gastronok
 13127 | D:12     | Reached skill level 14 in Fighting
 14317 | D:13     | Reached skill level 10 in Evocations
 14985 | D:13     | Reached **** piety under Hepliaklqana
 15076 | D:13     | Found a bloodstained altar of Trog.
 15590 | D:14     | Found a gate to the Vaults.
 15596 | D:14     | Identified the +2 ring mail "Astryxile" {Will+ Slay+3}
 15774 | D:14     | Reached XP level 15. HP: 90/90 MP: 22/22
 16008 | D:2      | Bought a runed shortbow for 180 gold pieces
 16590 | D:14     | Reached skill level 15 in Fighting
 17207 | D:15     | Entered Level 15 of the Dungeon
 17371 | D:15     | Found a sacrificial altar of Ru.
 18199 | D:15     | Found a staircase to the Depths.
 18457 | D:15     | Reached ***** piety under Hepliaklqana
 18617 | D:15     | Found a portal to a secret trove of treasure.
 18931 | Orc:1    | Entered Level 1 of the Orcish Mines
 18931 | Orc:1    | Found Figafask's Jewellery Boutique.
 18982 | Orc:1    | Noticed an orc warlord
 19013 | Orc:1    | Killed an orc warlord
 19014 | Orc:1    | Reached skill level 1 in Invocations
 19293 | Orc:1    | Found Vaehios's Assorted Antiques.
 19299 | Orc:1    | Bought a runed ivory wand for 124 gold pieces
 19471 | Orc:1    | Found Jacrip's Book Shop.
 19498 | Orc:1    | Bought a book of the Senses for 480 gold pieces
 19501 | Orc:1    | Reached skill level 16 in Fighting
 19506 | Orc:1    | Learned a level 3 spell: Dazzling Flash
 19551 | Orc:1    | Found Lisofro's Antique Weapon Shoppe.
 19679 | Orc:2    | Entered Level 2 of the Orcish Mines
 19996 | Orc:2    | Reached skill level 5 in Invocations
 20175 | Orc:2    | Reached XP level 16. HP: 99/99 MP: 23/23
 20369 | Orc:2    | Found a staircase to the Elven Halls.
 20454 | Orc:2    | Found Mercham's Distillery.
 20459 | Orc:2    | Bought a potion of mutation for 88 gold pieces
 20536 | Orc:2    | Found Kecalel's Armour Boutique.
 20536 | Orc:2    | Found Teuniff's Magic Scroll Emporium.
 20536 | Orc:2    | Found Owaistr Boew's Armour Shoppe.
 20537 | Orc:2    | Found Resu's Distillery.
 20549 | Orc:2    | Bought a potion of heal wounds for 90 gold pieces
 20559 | Orc:2    | Bought a scroll of acquirement for 624 gold pieces
 20573 | Orc:2    | Acquired 981 gold pieces
 20577 | Orc:2    | Bought a potion of haste for 180 gold pieces
 20582 | Orc:2    | Bought a +1 pair of boots of stealth for 231 gold pieces
 20680 | Lair:1   | Entered Level 1 of the Lair of Beasts
 22375 | Lair:2   | Reached ****** piety under Hepliaklqana
 22542 | Lair:2   | Found a staircase to the Shoals.
 23064 | Lair:3   | Reached skill level 1 in Conjurations
 23412 | Lair:3   | Found a staircase to the Snake Pit.
 24423 | Lair:4   | Reached skill level 17 in Fighting
 24666 | Lair:5   | Entered Level 5 of the Lair of Beasts
 24992 | Lair:5   | Found a staircase to the Slime Pits.
 25097 | Lair:5   | Noticed Sonja
 25104 | Lair:5   | Killed Sonja
 25156 | Lair:5   | Reached skill level 5 in Conjurations
 25158 | Lair:5   | Found a viscous altar of Jiyva.
 26088 | Shoals:1 | Entered Level 1 of the Shoals
 26184 | Shoals:1 | Reached XP level 17. HP: 106/106 MP: 24/24
 26610 | Shoals:1 | Noticed Jorgrun
 28422 | Shoals:4 | Entered Level 4 of the Shoals
 29482 | Shoals:4 | Identified the ring of Itasoq {rC- AC+4 Int+8}
 29570 | Shoals:4 | Identified the +8 hand cannon of the Bashing Gods {flame,
                  | Fly rElec Will+ Int-2}
 30006 | D:7      | Bought a scorched orb for 420 gold pieces
 30006 | D:7      | Identified the orb of the Swamp {light, rPois Int+3 Dex-2}
                  | (You bought it in a shop on level 7 of the Dungeon)
 30180 | Shoals:1 | Reached skill level 18 in Fighting
 30317 | Shoals:1 | Killed Jorgrun
 30372 | Shoals:1 | Identified the +1 trident of Gashryj {flame, Str+2 Dex+3
                  | SInv}
 31217 | Shoals:4 | Noticed Mara
 31221 | Shoals:4 | Noticed Newt's illusion
 31588 | Shoals:4 | Got a barnacled rune of Zot
 31630 | Shoals:4 | Reached XP level 18. HP: 113/113 MP: 25/25
 31659 | Shoals:4 | Found Fiduih's Armour Shop.
 31695 | Shoals:4 | Noticed Newt's illusion
 31702 | Shoals:4 | Killed Mara
 32098 | Elf:1    | Entered Level 1 of the Elven Halls
 32147 | Elf:1    | Got the Opusculum on Thunder and Transfiguration
 32384 | Elf:1    | Reached skill level 19 in Fighting
 32851 | Elf:1    | Got the Writings on Places
 33059 | Elf:1    | Got the Volume of Causimancy
 33203 | Elf:1    | Found Izxoqes's Antique Weapon Boutique.
 33204 | Elf:1    | Identified the +1 robe of the Hippo {Dex+3}
 33360 | Elf:1    | Gained mutation: Your spells are a little harder to cast,
                  | but a little more powerful. [potion of mutation]
 33360 | Elf:1    | Gained mutation: You occasionally lose the ability to drink
                  | potions when taking damage. [potion of mutation]
 33360 | Elf:1    | Gained mutation: Your muscles are strong. (Str +4, Int/Dex
                  | -1) [potion of mutation]
 33361 | Elf:1    | Lost mutation: Your spells are a little harder to cast, but
                  | a little more powerful. [potion of mutation]
 33361 | Elf:1    | Lost mutation: You occasionally lose the ability to drink
                  | potions when taking damage. [potion of mutation]
 33361 | Elf:1    | Gained mutation: Your spells are a little easier to cast,
                  | but a little less powerful. [potion of mutation]
 33361 | Elf:1    | Gained mutation: Your natural rate of healing is unusually
                  | fast. [potion of mutation]
 33361 | Elf:1    | Gained mutation: You occasionally shout uncontrollably at
                  | your foes. [potion of mutation]
 33361 | Elf:1    | Gained mutation: You passively dampen the noise of your
                  | surroundings. [potion of mutation]
 33366 | Elf:1    | Got the Papyrus of Transmutation
 33383 | Elf:1    | Noticed a bone dragon
 33397 | Elf:1    | Killed a bone dragon
 33459 | Elf:1    | Reached XP level 19. HP: 120/120 MP: 26/26
 33484 | Elf:1    | Got the Anthology of the Damned
 33546 | Elf:1    | Paralysed by an air elemental for 1 turns
 33579 | Elf:1    | Got the Grimoire of Diablerie
 33827 | Elf:2    | Found a huge runed translucent gate.
 33827 | Elf:2    | Found a huge runed translucent gate.
 33827 | Elf:2    | Found a huge runed translucent gate.
 33827 | Elf:2    | Found a huge runed translucent gate.
 33827 | Elf:2    | Found a huge runed translucent gate.
 33858 | Elf:2    | Found Isema's Jewellery Emporium.
 33945 | Elf:2    | Reached skill level 20 in Fighting
 33985 | Elf:2    | Found Hiso's Jewellery Boutique.
 33985 | Elf:2    | Found Kiul's Weapon Boutique.
 34031 | Elf:2    | Found Sogul's Antique Weapon Shop.
 34627 | Elf:2    | Reached skill level 15 in Dodging
 34910 | Elf:3    | Entered Level 3 of the Elven Halls
 35346 | Elf:3    | Reached XP level 20. HP: 127/127 MP: 27/27
 35505 | Elf:3    | Reached skill level 21 in Fighting
 36108 | Elf:3    | Identified the amulet "Ronuott" {Reflect rC+ Will+ SH+5}
 36146 | Elf:3    | Identified the ring "Fiti" {EV+5 Dex+6}
 36292 | Elf:3    | Identified the ring of Yzoqutol {Fire MP+9}
 36315 | Elf:3    | Identified the +5 spear of Jokuaj {speed, rN+ SInv Stlth+}
 36318 | Elf:3    | Got the Compendium of the Fulgent Morgue
 36325 | Elf:3    | Identified the quicksilver dragon scales "Ifipt" {^Contam
                  | +Blink rPois Will+ Int+2}
 36353 | Elf:3    | Identified the staff "Jeorog" {*Slow rF+ rC+ Tloc Ice Air}
 36366 | Elf:3    | Identified the staff "Meil" {^Fragile rN+ Str+3 Dex+2 Conj}
 36616 | Snake:1  | Entered Level 1 of the Snake Pit
 38034 | Snake:2  | Found Ticy's Jewellery Shop.
 38035 | Snake:2  | Found Ycyimm's Jewellery Shop.
 38751 | Snake:2  | Noticed Asterion
 38770 | Snake:2  | Killed Asterion
 39463 | Snake:3  | Learned a level 3 spell: Tukima's Dance
 39547 | Snake:3  | Reached skill level 1 in Air Magic
 39556 | Snake:3  | Noticed Donald
 39560 | Snake:3  | Killed Donald
 39589 | Snake:3  | Found Lut Tuy's Book Shop.
 39594 | Snake:3  | Bought a book of Misfortune for 544 gold pieces
 39594 | Snake:3  | Found Rawaergh's Antique Armour Shoppe.
 39741 | Snake:4  | Entered Level 4 of the Snake Pit
 39794 | Snake:4  | Identified the serpent talisman of Biv Leova {Str+3 Slay+5}
 39794 | Snake:4  | Noticed Aizul
 39801 | Snake:4  | Killed Aizul
 39812 | Snake:4  | Found a hazy altar of Hepliaklqana.
 40085 | Snake:4  | Reached XP level 21. HP: 134/134 MP: 30/30
 40346 | Snake:4  | Reached skill level 5 in Air Magic
 40430 | Snake:4  | Got a serpentine rune of Zot
 40561 | Snake:4  | Reached skill level 10 in Hexes
 40561 | Snake:4  | Reached skill level 1 in Alchemy
 40646 | Snake:4  | Identified the +1 robe "Jigrare" {+Blink Regen+ Str+8
                  | Dex-5}
 41088 | Slime:1  | Entered Level 1 of the Pits of Slime
 41119 | Lair:5   | Reached skill level 22 in Fighting
 41240 | Slime:5  | Entered Level 5 of the Pits of Slime
 41242 | Slime:5  | Gained mutation: Your body sometimes deteriorates upon
                  | taking damage. [a shining eye]
 41243 | Slime:5  | Lost mutation: Your natural rate of healing is unusually
                  | fast. [a shining eye]
 41244 | Slime:5  | Gained mutation: You are frail. (-10% HP) [a shining eye]
 41760 | Slime:5  | Gained mutation: Your magical capacity is low. (-10% MP) [a
                  | shining eye]
 41762 | Slime:5  | Gained mutation: Your spells are easier to cast, but less
                  | powerful. [a shining eye]
 41955 | Slime:5  | Learned a level 5 spell: Yara's Violent Unravelling
 42083 | Slime:5  | Learned a level 5 spell: Silence
 42128 | Slime:5  | Gained mutation: You are vulnerable to cold. (rC-) [a
                  | shining eye]
 42232 | Slime:5  | Reached skill level 5 in Alchemy
 42766 | Slime:5  | Gained mutation: Your magical capacity is very low. (-20%
                  | MP) [a shining eye]
 42768 | Slime:5  | Gained mutation: You are very frail. (-20% HP) [a shining
                  | eye]
 42769 | Slime:5  | Gained mutation: You are vulnerable to heat. (rF-) [a
                  | shining eye]
 42771 | Slime:5  | Reached XP level 22. HP: 109/109 MP: 27/27
 42878 | Slime:5  | Noticed the Royal Jelly
 43174 | Slime:5  | HP: 2/109 [acid (11)]
 43305 | Slime:5  | Slain by a rockslime

Illustrated notes

Levels and vault maps discovered:
D:1:      tarquinn_simple_flora_water_f, layout_loops_ring
D:2:      layout_rooms, basic_altar, shapermc_ecumenical_altar_mp_vishouse,
          serial_shops, shop, shop, nicolae_shop_hallway_plus,
          minmay_increasing_density
D:3:      layout_basic, minmay_goblin_outpost
D:4:      layout_loops_ring, nicolae_overflow_hidden_temple, uniq_robin
D:5:      layout_rooms, nicolae_zig_zag_zippers
D:6:      corexii_shantytown, layout_gridville,
          minmay_temple_entry_proselytizer, biasface_ghost_orc_armoury,
          minmay_holes, minmay_misc_feat_encased, uniq_edmund,
          uniq_crazy_yiuf_cottage
D:7:      layout_basic, serial_shops, nicolae_shop_hallway_plus, shop,
          kennysheep_mini_moat, kennysheep_little_box, serial_bayou_pond_a,
          nicolae_shop_clearance
D:8:      layout_cave_pools
D:9:      layout_roguey, minmay_lair_entry_grove, serial_bayou_pond_e,
          dk_rats_in_the_wall, uniq_maggie
D:10:     layout_layer_cave, david_orc_5, kennysheep_generic_room_8, uniq_psyche
D:11:     dpeg_index_elf_rogue_hall, layout_basic, serial_bayou_lagoon_b,
          uniq_amaemon, uniq_urug
D:12:     layout_basic, uniq_gastronok, uniq_nessos
D:13:     minmay_curly_fans, layout_basic, bloody_trog
D:14:     layout_gridville, david_vaults_4, roderic_lattice_octagonal_star
D:15:     gammafunk_depths_entry_grave, layout_loops_corners,
          nicolae_trove_entry_path_of_doom, nrook_mini_backslash,
          nicolae_ru_great_annihilating_truth
Temple:   mainiacjoe_temple_bowtie_tessellation
Lair:1:   layout_hall_layers, dreamdust_gnoll_shepherd, grunt_megastairs_5
Lair:2:   dreamdust_cave_troll, layout_chaotic_city, elwin_shoals_entry_rooms
Lair:3:   layout_regular_city, guppyfry_snake_entry_island,
          minmay_stone_trees_medium, lemuel_fruit_tree
Lair:4:   layout_loops_ring
Lair:5:   wormcave, layout_loops_ring, nicolae_slime_entry_field_trip,
          infiniplex_staircase_pool_2, uniq_sonja
Shoals:1: layout_shoals, nicolae_shoals_beach_house_on_fowls_legs, uniq_jorgrun
Shoals:2: layout_shoals, uniq_polyphemus
Shoals:3: layout_shoals
Shoals:4: shoals_end_hangedman, layout_shoals, serial_shops, shop,
          nicolae_shoals_the_drawing_of_the_three, uniq_mara
Snake:1:  layout_chambers
Snake:2:  layout_chambers, minmay_shop_star, nicolae_integral_box, uniq_asterion
Snake:3:  layout_onion_interference, serial_shops, shop, shop, uniq_donald
Snake:4:  grunt_snake_rune_spirals, layout_concentric_octagons, basic_altar,
          grunt_ministairs_7, serial_bayou_pond_b, uniq_aizul
Slime:1:  layout_caves
Slime:2:  nicolae_slime_jelly_donut, layout_caves
Slime:3:  layout_caves, nicolae_slime_getting_an_eyeful
Slime:4:  layout_caves
Slime:5:  slime_pit_nicolae_royal_road_to_ruin
Orc:1:    layout_caves, serial_shops, nicolae_shop_pleasant_corner_grove, shop,
          shop, shop, basic_altar
Orc:2:    st_orc_rangers, layout_caves, serial_shops, shop
Elf:1:    nicolae_elf_arrival_no_cutting_in_line, layout_gridlike,
          serial_magic_research, hangedman_research_thanatology,
          hangedman_research_toxicology, hangedman_research_pyrotechnics,
          hangedman_research_quantum, serial_shops, shop_statue,
          minmay_elf_necromancy
Elf:2:    elven_hall_of_blades_hangedman_alternative
          [nicolae_blade_entry_diamond_columns], layout_rooms, serial_shops,
          nicolae_shop_waterfront, shop, shop_fountains, nicolae_shop_stone,
          lemuel_flamethrower_hall
Elf:3:    minmay_elf_hall_statues, layout_gridlike

Skill      XL: |  1  2  3  4  5  6  7  8  9 10 11 12 13 14 15 16 17 18 19 20 21 |
---------------+----------------------------------------------------------------+-----
Ranged Weapons | 6 7 9 10 12 13 15 16 18 20 | 20.0
Fighting       | 3 4 5 6 8 10 11 12 13 14 16 17 18 19 20 21 22 | 22.2
Dodging        | 6 10 12 16 18 | 18.2
Spellcasting   | 1 4 5 6 8 |  8.6
Hexes          | 2 6 7 8 9 11 | 11.5
Stealth        | 6 8 |  8.0
Evocations     | 7 11 14 | 14.5
Invocations    | 5 8 |  8.0
Conjurations   | 6 8 9 |  9.0
Air Magic      | 3 6 |  6.0
Alchemy        | 5 |  5.9

Action                     |  1- 3 |  4- 6 |  7- 9 | 10-12 | 13-15 | 16-18 | 19-21 | 22-24 || total
---------------------------+-------+-------+-------+-------+-------+-------+-------+-------++-------
  Melee: Shortbow          |       |       |       |     1 |       |       |       |       ||     1
   Fire: Shortbow          |    72 |    87 |   283 |   450 |   844 |   843 |       |       ||  2579
         Hand cannon       |       |       |       |       |       |   348 |   933 |    73 ||  1354
   Cast: Jinxbite          |       |       |       |     8 |    16 |       |       |       ||    24
         Slow              |       |       |       |     6 |    12 |    20 |       |       ||    38
         Sigil of Binding  |       |       |       |     5 |     2 |       |       |       ||     7
         Dazzling Flash    |       |       |       |       |       |     8 |     4 |       ||    12
 Invoke: Ancestor Life: Kn |       |       |       |     1 |       |       |       |       ||     1
         Recall Ancestor   |       |       |       |       |     3 |     7 |     7 |     1 ||    18
         Transference      |       |       |       |       |     1 |       |       |     3 ||     4
         Idealise          |       |       |       |       |       |     3 |     1 |     1 ||     5
  Evoke: Wand              |       |       |       |       |     4 |     6 |       |     1 ||    11
    Use: Scroll            |     3 |     4 |     6 |     5 |     9 |     8 |     1 |     3 ||    39
         Potion            |       |     1 |     2 |     1 |     2 |     5 |       |     3 ||    14
 Armour: Leather armour    |    11 |    13 |    49 |    70 |    40 |    44 |    41 |       ||   268
         Ring mail         |       |       |       |       |    62 |   159 |       |       ||   221
         Quicksilver drago |       |       |       |       |       |       |   118 |    20 ||   138
  Dodge: Dodged            |     8 |    27 |    63 |   124 |   199 |   635 |   463 |    24 ||  1543
         Repelled          |       |       |       |       |       |    10 |    28 |     1 ||    39
  Block: Other             |       |       |       |       |    33 |    77 |       |       ||   110
         Reflection        |       |       |       |       |    13 |     9 |       |       ||    22

Table legend: (Time is in decaauts)
 A = Elapsed time spent in this place.
 B = Non-inter-level travel time spent in this place.
 C = Inter-level travel time spent in this place.
 D = Time resting spent in this place.
 E = Time spent auto-exploring this place.
 F = Levels seen in this place.
 G = Mean time per level.
                   A        B        C        D        E       F      G
               +--------+--------+--------+--------+--------+-----+--------+
         Total |  43241 |  40400 |   2841 |   7751 |  26526 |  39 | 1108.7 |
       Dungeon |  18912 |  17603 |   1309 |   2854 |  12545 |  15 | 1260.8 |
        Temple |     52 |      1 |     51 |      0 |      0 |   1 |   52.0 |
          Lair |   5729 |   5162 |    567 |     91 |   4439 |   5 | 1145.8 |
        Shoals |   5792 |   5506 |    286 |   2240 |   2481 |   4 | 1448.0 |
     Snake Pit |   4449 |   4177 |    272 |    133 |   3432 |   4 | 1112.2 |
    Slime Pits |   2180 |   2178 |      2 |   1125 |    594 |   5 |  436.0 |
  Orcish Mines |   1716 |   1575 |    141 |    360 |    862 |   2 |  858.0 |
   Elven Halls |   4409 |   4199 |    210 |    946 |   2172 |   3 | 1469.7 |
               +--------+--------+--------+--------+--------+-----+--------+

Top non-repeatable levels by time:
    D:11: 2295 daAuts
    D:10: 2162 daAuts
Shoals:3: 2027 daAuts
 Slime:5: 2022 daAuts
    D:12: 2021 daAuts
Shoals:4: 1592 daAuts
    D:15: 1582 daAuts
   Elf:1: 1574 daAuts
Shoals:1: 1573 daAuts
   Elf:3: 1549 daAuts
    D:14: 1484 daAuts
 Snake:2: 1407 daAuts
    D:13: 1392 daAuts
  Lair:5: 1379 daAuts
   Elf:2: 1285 daAuts
